 Dungeon Crawl Stone Soup version 0.28-a0-1087-gf3fc490d9d (webtiles) character file.

Game seed: 5472980392619726459

39 fragbeetle the Grasshopper (level 3, -3/29 HPs)
             Began as a Palentonga Warper on Dec 11, 2021.
             Slain by an orc (9 damage)
             ... on level 2 of the Dungeon.
             The game lasted 00:03:09 (1808 turns).

fragbeetle the Grasshopper (Palentonga Warper)      Turns: 1808, Time: 00:03:10

Health: -3/29      AC:  5    Str: 14    XL:     3   Next: 28%
Magic:  6/6        EV:  9    Int: 15    God:
Gold:   62         SH:  0    Dex:  9    Spells: 4/6 levels left

rFire   . . .      SeeInvis +   a - +0 mace
rCold   . . .      Faith    .   (no shield)
rNeg    . . .      Spirit   .   b - +0 leather armour
rPois   .          Reflect  .   k - +0 helmet
rElec   .          Harm     .   (no cloak)
rCorr   .          Rampage  .   (no gloves)
Will    .....                   (no barding)
Stlth   +.........              (no amulet)
HPRegen 0.09/turn               (no ring)
MPRegen 0.10/turn               (no ring)

@: no status effects
A: large, rugged brown scales 3, see invisible, deformed body, roll 1, armoured
tail
a: Rolling Charge


You were on level 2 of the Dungeon.
You visited 1 branch of the dungeon, and saw 2 of its levels.

You collected 62 gold pieces.

Inventory:

Hand Weapons
 a - a +0 mace (weapon)
Missiles
 d - 5 boomerangs of dispersal (quivered)
Armour
 b - a +0 leather armour (worn)
 k - a +0 helmet (worn)
Scrolls
 c - a scroll of blinking
 e - 2 scrolls of teleportation {unknown}
 g - a scroll of holy word {unknown}
 j - a scroll of identify {unknown}
Potions
 f - a potion of attraction {unknown}
 h - a potion of haste {unknown}
 i - a potion of ambrosia {unknown}
 l - a potion of heal wounds {unknown}


   Skills:
 * Level 2.4 Fighting
 + Level 2.2 Maces & Flails
 - Level 0.6 Throwing
 + Level 1.0 Armour
 + Level 1.8 Dodging
 + Level 2.0 Spellcasting
 * Level 3.6 Translocations


You had 4 spell levels left.
You knew the following spells:

 Your Spells              Type           Power      Damage    Failure   Level
a - Blink                 Tloc           24%        N/A       9%          2

Your spell library contained the following spells:

 Spells                   Type           Power      Damage    Failure   Level
 Gell's Gravitas          Tloc           12%        N/A       19%         3
 Lesser Beckoning         Tloc           12%        N/A       19%         3
 Teleport Other           Tloc           12%        N/A       19%         3
 Manifold Assault         Tloc           12%        N/A       86%         5


Dungeon Overview and Level Annotations

Branches:
Dungeon (2/15)

Altars:

Shops:
D:1 (


Innate Abilities, Weirdness & Mutations

You are completely covered in rugged brown scales. (AC +3, +7% HP)
You have supernaturally acute eyesight. (SInv)
Armour fits poorly on your strangely shaped body.
You can roll at nearby foes to attack.
You have a long armoured tail.


Message History

The hobgoblin closely misses you.
You barely miss the hobgoblin.
The hobgoblin is almost dead.
The hobgoblin barely misses you. The hobgoblin hits you.
You closely miss the hobgoblin. You tail-slap the hobgoblin.
You kill the hobgoblin!
You see here a hobgoblin corpse.
You see here a hobgoblin corpse.
An orc comes into view. It is wielding a +0 club.
Found 14 gold pieces.
The orc shouts!
A rat comes into view.
An orc comes into view.
It is wielding a +2 war axe of electrocution.
An orc comes into view. It is wielding a +0 dagger.
The orc shouts!
An orc comes into view. It is wielding a +0 war axe.
You barely miss the orc. You barely miss the orc. You tail-slap the orc.
The orc is lightly wounded.
The orc hits you but does no damage. The orc hits you with a +0 club.
You hit the orc.
You kill the orc!
You hit the orc.
The orc is heavily wounded.
The orc barely misses you. The orc hits you with a +0 club.
You hit the orc.
You kill the orc!
The rat barely misses you. The rat bites you.
You hit the rat.
You kill the rat!
You closely miss the orc.
The orc hits you with a +2 war axe of electrocution!
You are electrocuted!
* * * LOW HITPOINT WARNING * * *
The orc hits you with a +2 war axe of electrocution.
* * * LOW HITPOINT WARNING * * *
You closely miss the orc.
Your tail-slap misses the orc.
The orc hits you with a +2 war axe of electrocution!
You die...

#............# ............
#####........# #........... #
#.....##.# #........... #
##.##...#.# #.$.........
###..###....# #..........
.#..## #....# ##.........
.....###...#### #..########
..##...##.....#####.##
######....##....@oo.#
...........##...#####
.##.....#..###..#
.....####.....#.########
.....####.#.#..........#
..##...................#
.......................#
#...........#..........##
#.......#.###...........######


You could see 2 orcs.

Vanquished Creatures
  A worm (D:2)
  2 dart slugs (D:2)
  2 orcs (D:2)
  A ball python (D:2)
  2 bats
  3 endoplasms
  A giant cockroach (D:1)
  A goblin (D:1)
  2 hobgoblins (D:2)
  4 jackals (D:2)
  A quokka (D:1)
  3 frilled lizards (D:1)
  2 kobolds (D:2)
  3 rats
28 creatures vanquished.

Notes
Turn   | Place    | Note
-------+----------+-------------------------------------------
     0 | D:1      | fragbeetle the Palentonga Warper began the quest for the
                  | Orb.
     0 | D:1      | Reached XP level 1. HP: 17/17 MP: 3/3
   338 | D:1      | Found Biupha's Weapon Shoppe.
   648 | D:1      | Reached XP level 2. HP: 23/23 MP: 5/5
   847 | D:1      | Found a faded altar of an unknown god.
   971 | D:2      | Learned a level 2 spell: Blink
  1515 | D:2      | Reached XP level 3. HP: 22/28 MP: 6/6
  1520 | D:2      | Reached skill level 1 in Armour
  1808 | D:2      | Slain by an orc

Illustrated notes

Levels and vault maps discovered:
D:1:      dpeg_arrival_snail, layout_basic, ebering_ecumenical_altar_webs,
          serial_shops, nicolae_shop_bloodbath_and_beyond, minmay_box_of_dots
D:2:      layout_rooms

Skill      XL: |  1  2  3 |
---------------+----------+-----
Armour         | 1 |  1.0
Fighting       | |  2.4
Maces & Flails | |  2.2
Throwing       | |  0.6
Dodging        | |  1.8
Spellcasting   | |  2.0
Translocations | |  3.6

Action                   || total
-------------------------++-------
Melee: Mace              ||    86
       Tailslap          ||     8
Armor: Leather armour    ||    34
Dodge: Dodged            ||    31

Table legend: (Time is in decaauts)
 A = Elapsed time spent in this place.
 B = Non-inter-level travel time spent in this place.
 C = Inter-level travel time spent in this place.
 D = Time resting spent in this place.
 E = Time spent auto-exploring this place.
 F = Levels seen in this place.
 G = Mean time per level.
                   A        B        C        D        E       F      G
               +--------+--------+--------+--------+--------+-----+--------+
         Total |   1833 |   1833 |      0 |    625 |    896 |   2 |  916.5 |
       Dungeon |   1833 |   1833 |      0 |    625 |    896 |   2 |  916.5 |
               +--------+--------+--------+--------+--------+-----+--------+

Top non-repeatable levels by time:
     D:1: 962 daAuts
     D:2: 871 daAuts
